 Dungeon Crawl Stone Soup version 0.28-a0-980-g3664467d6e (webtiles) character file.

Game seed: 5230993741697933358

5 KyoPewz the Firebug (level 1, -1/10 HPs)
             Began as a Deep Elf Fire Elementalist on Dec 2, 2021.
             Slain by a quokka (2 damage)
             ... on level 1 of the Dungeon.
             The game lasted 00:01:55 (248 turns).

KyoPewz the Firebug (Deep Elf Fire Elementalist)     Turns: 248, Time: 00:01:56

Health: -1/10      AC:  2    Str:  5    XL:     1   Next: 66%
Magic:  3/6        EV: 12    Int: 19    God:
Gold:   6          SH:  0    Dex: 15    Spells: 5/6 levels left

rFire   . . .      SeeInvis .   c - +0 club {mace}
rCold   . . .      Faith    .   (no shield)
rNeg    . . .      Spirit   .   a - +0 robe
rPois   .          Reflect  .   (no helmet)
rElec   .          Harm     .   (no cloak)
rCorr   .          Rampage  .   (no gloves)
Will    .....                   (no boots)
Stlth   ++........              (no amulet)
HPRegen 0.03/turn               (no ring)
MPRegen 0.10/turn               (no ring)

@: very slightly contaminated
A: no striking features
a: no special abilities


You were on level 1 of the Dungeon.
You visited 1 branch of the dungeon, and saw 1 of its levels.

You collected 6 gold pieces.


   Skills:
 - Level 2.4 Dodging
 - Level 2.4 Stealth
 - Level 3.0 Spellcasting
 + Level 1.1 Conjurations
 * Level 3.7 Fire Magic


You had 5 spell levels left.
You knew the following spells:

 Your Spells              Type           Power      Damage    Failure   Level
a - Foxfire               Conj/Fire      48%        2x1d6     5%          1

Your spell library contained the following spells:

 Spells                   Type           Power      Damage    Failure   Level
 Scorch                   Fire           34%        2d7       4%          2
 Conjure Flame            Conj/Fire      12%        6-21      17%         3
 Inner Flame              Hex/Fire       9%         N/A       22%         3
 Flame Wave               Conj/Fire      12%        2d5       50%         4

Inventory:

Hand Weapons
 c - a +0 club (weapon) {mace}
   (You took it off a goblin on level 1 of the Dungeon)
Missiles
 b - 19 sling bullets
Armour
 a - a +0 robe (worn)
Scrolls
 d - a scroll of vulnerability {unknown}
 e - a scroll of silence {unknown}

Dungeon Overview and Level Annotations

Branches:
Dungeon (1/15)

Altars:

Shops:
D:1

: #.###'#..##
####.# #.#...#
#....###.###.#
###.##.'..โˆฉ..'.#
###...######.#####
.......>####.#.###
.....##.#..#'#...#
###..# .#.#..##r.#
.....# #.......@#
####.##
#..####ยง##
#.....# #.. #.#
#.##### ##. #.#
#.##### .. #.#
#)....# ## #.#
...##.# #.#
##.##.# #..
...##.#####


You could see a quokka.


Message History

You lost 1 mp, and now have 5/6 mp.
The foxfire hits the goblin.
You kill the goblin!
c - a +0 club {mace} You see here a goblin corpse.
c - a +0 club (weapon)
{mace} ๐Ÿ˜Ž MP[+1]
Your mp is fully restored (6).
An endoplasm comes into view.
You conjure some foxfire! ๐Ÿ˜Ž MP[-1]
You lost 1 mp, and now have 5/6 mp.
The endoplasm quivers.
The foxfire hits the endoplasm.
The foxfire hits the endoplasm.
You kill the endoplasm!
You conjure some foxfire! ๐Ÿ˜Ž MP[-1]
You lost 1 mp, and now have 4/6 mp. ๐Ÿ˜Ž MP[+1]
A bat comes into view. ๐Ÿ˜Ž MP[+1]
Your mp is fully restored (6).
You miscast Foxfire.
You are very lightly contaminated with residual magic.
Nothing appears to happen. ๐Ÿ˜Ž MP[-1]
You lost 1 mp, and now have 5/6 mp.
You conjure some foxfire! ๐Ÿ˜Ž MP[-1]
You lost 1 mp, and now have 4/6 mp.
The foxfire hits the bat.
The foxfire hits the bat.
You kill the bat!
Your magical contamination has completely faded away.
You see here a bat corpse.
You see here a +0 hunting sling {sling}.
Found a stone staircase leading down. ๐Ÿ˜Ž MP[+2]
Your mp is fully restored (6).
d - a scroll labelled FEK HUTTAWUDE
e - a scroll labelled NOUQUO COAWNOCAA You open the door.
Found Tyno's Book Emporium.
There is an open door here.
There is an entrance to Tyno's Book Emporium here.
You open the door.
There is an open door here.
You open the door.
There is an open door here.
You open the door.
There is an open door here.
A quokka comes into view.
You conjure some foxfire!
The foxfire hits the quokka. ๐Ÿ˜Ž MP[-1]
You lost 1 mp, and now have 5/6 mp.
You closely miss the quokka.
The foxfire hits the quokka.
The quokka bites you. ๐Ÿ˜• HP[-1]
You take 1 damage, and now have 9/10 hp.
You closely miss the quokka. The quokka barely misses you.
You hit the quokka but do no damage. The quokka closely misses you. x2
You barely miss the quokka. The quokka closely misses you.
You hit the quokka. The quokka bites you.
The quokka closely misses you. ๐Ÿ˜ฎ HP[-2]
You take 2 damage, and now have 7/10 hp.
You barely miss the quokka. The quokka barely misses you.
You closely miss the quokka. The quokka bites you.
* * * LOW HITPOINT WARNING * * *
The quokka bites you.
* * * LOW HITPOINT WARNING * * *
๐Ÿ˜จ HP[-4] MP[+1]
You take 4 damage, and now have 3/10 hp.
MASSIVE DAMAGE!! (PAUSE)
Your mp is fully restored (6).
You are too injured to fight recklessly!
Casting: Foxfire (safe; 5% risk of failure)
Confirm with . or Enter, or press ? or * to list all spells.
You conjure some foxfire!
The quokka barely misses you. ๐Ÿ˜จ MP[-1]
You lost 1 mp, and now have 5/6 mp.
Casting: Foxfire (safe; 5% risk of failure)
Confirm with . or Enter, or press ? or * to list all spells.
You miscast Foxfire.
You are very lightly contaminated with residual magic.
Nothing appears to happen.
The foxfire hits the quokka.
The foxfire hits the quokka but does no damage.
The quokka bites you.
* * * LOW HITPOINT WARNING * * *
๐Ÿ˜ฑ HP[-2] MP[-1]
You take 2 damage, and now have 1/10 hp.
You lost 1 mp, and now have 4/6 mp.
Casting: Foxfire (safe; 5% risk of failure)
Confirm with . or Enter, or press ? or * to list all spells.
You conjure some foxfire!
The quokka barely misses you. x2 ๐Ÿ˜ฑ MP[-1]
You lost 1 mp, and now have 3/6 mp.
The foxfire hits the quokka but does no damage. x2
The quokka bites you but does no damage.
You closely miss the quokka. The quokka bites you.
You die...

Action                   || total
-------------------------++-------
Melee: Club              ||     8
 Cast: Foxfire           ||     9
Armor: Robe              ||     2
Dodge: Dodged            ||    10

Levels and vault maps discovered:
D:1:      mushboom_english_gardens, layout_basic, serial_shops,
          nicolae_shop_hallway_plus, hellmonk_ecumenical_altar_run_dry

Notes
Turn   | Place    | Note
-------+----------+-------------------------------------------
     0 | D:1      | KyoPewz the Deep Elf Fire Elementalist began the quest for
                  | the Orb.
     0 | D:1      | Reached XP level 1. HP: 10/10 MP: 6/6
     0 | D:1      | magus.rc [v1.9.6]
   208 | D:1      | Found Tyno's Book Emporium.
   245 | D:1      | HP: 1/10 [quokka (2)]
   248 | D:1      | Slain by a quokka

Vanquished Creatures
  An endoplasm (D:1)
  A goblin (D:1)
  2 bats (D:1)
  A frilled lizard (D:1)
5 creatures vanquished.

Vanquished Creatures (others)
  15 foxfires (D:1)
15 creatures vanquished.

Grand Total: 20 creatures vanquished

Table legend:
 A = Non-vault XP
 B = Vault XP
 C = Vault XP percentage of total XP
 D = Non-vault monster count
 E = Vault monster count
 F = Vault count percentage of total count
                 A         B        C        D         E       F
            +---------+---------+-------+---------+---------+-------
      Total |       8 |       0 |   0.0 |       5 |       0 |   0.0
            +---------+---------+-------+---------+---------+-------
        D:1 |       8 |       0 |   0.0 |       5 |       0 |   0.0
            +---------+---------+-------+---------+---------+-------

Illustrated notes

Table legend:
 A = Kills in this place as a percentage of kills in entire the game.
 B = Kills by you in this place as a percentage of kills by you in the entire game.
 C = Kills by friends in this place as a percentage of kills by friends in the entire game.
 D = Other kills in this place as a percentage of other kills in the entire game.
 E = Experience gained in this place as a percentage of experience gained in the entire game.
 F = Experience gained in this place divided by the number of levels of this place that you have seen.
                   A       B       C       D       E      F
               +-------+-------+-------+-------+-------+----------------------
         Total | 100.0 | 100.0 |   N/A |   N/A | 100.0 |   8.0
       Dungeon | 100.0 | 100.0 |   N/A |   N/A | 100.0 |   8.0
               +-------+-------+-------+-------+-------+----------------------

Table legend: (Time is in decaauts)
 A = Elapsed time spent in this place.
 B = Non-inter-level travel time spent in this place.
 C = Inter-level travel time spent in this place.
 D = Time resting spent in this place.
 E = Time spent auto-exploring this place.
 F = Levels seen in this place.
 G = Mean time per level.
                   A        B        C        D        E       F      G
               +--------+--------+--------+--------+--------+-----+--------+
         Total |    249 |    249 |      0 |      0 |    185 |   1 |  249.0 |
       Dungeon |    249 |    249 |      0 |      0 |    185 |   1 |  249.0 |
               +--------+--------+--------+--------+--------+-----+--------+

Top non-repeatable levels by time:
     D:1: 249 daAuts
